 Dungeon Crawl Stone Soup version 0.29.1-2-gbd0b4ee654 (webtiles) character file.

Game seed: 6159231233342376558

120 safid the Shooter (level 4, -1/41 HPs)
             Began as a Minotaur Hunter on Nov 8, 2022.
             Slain by an ogre
             ... wielding a +0 giant spiked club
              (26 damage)
             ... on level 4 of the Dungeon.
             The game lasted 00:02:49 (2393 turns).

safid the Shooter (Minotaur Hunter)                 Turns: 2393, Time: 00:02:50

Health: -1/41      AC:  6    Str: 15    XL:     4   Next: 75%
Magic:  3/3        EV: 10    Int:  6    God:
Gold:   251        SH:  0    Dex: 16    Spells: 3/3 levels left

rFire   . . .      SeeInvis .   a - +0 shortbow
rCold   . . .      Faith    .   (shield currently unavailable)
rNeg    . . .      Spirit   .   e - +0 scale mail
rPois   .          Reflect  .   (helmet restricted)
rElec   .          Harm     .   (no cloak)
rCorr   .          Rampage  .   (no gloves)
Will    .....                   (no boots)
Stlth   ..........              (no amulet)
HPRegen 0.13/turn               (no ring)
MPRegen 0.08/turn               (no ring)

@: no status effects
A: horns 2, retaliatory headbutt
a: no special abilities


You were on level 4 of the Dungeon.
You visited 1 branch of the dungeon, and saw 4 of its levels.

You collected 251 gold pieces.

Inventory:

Hand Weapons
 a - a +0 shortbow (weapon)
Armour
 e - a +0 scale mail (worn)
Scrolls
 c - a scroll of amnesia {unknown}
 f - 2 scrolls of poison {unknown}
 g - 2 scrolls of butterflies {unknown}
 i - 4 scrolls of identify {unknown}
 k - a scroll of enchant weapon {unknown}
 l - 2 scrolls of teleportation {unknown}
Potions
 b - 2 potions of curing {unknown}
 d - a potion of mutation {unknown}
 h - 2 potions of attraction {unknown}
 j - 2 potions of heal wounds {unknown}


   Skills:
 + Level 4.6 Fighting
 + Level 5.7 Ranged Weapons
 - Level 2.1 Dodging
 - Level 0.7 Stealth


You had 3 spell levels left.
You didn't know any spells.
Your spell library contained the following spells:

 Spells                   Type           Power      Damage    Failure   Level
 Sublimation of Blood     Necr           0%         N/A       97%         2
 Petrify                  Tmut/Erth      0%         N/A       100%        4
 Irradiate                Conj/Tmut      0%         3d11      100%        5


Dungeon Overview and Level Annotations

Branches:
Dungeon (4/15)
 Temple: D:4-7

Altars:
The Shining One


Innate Abilities, Weirdness & Mutations

You have a pair of horns on your head.
You reflexively headbutt those who attack you in melee.


Message History

Where to? (Enter - D:3, ? - help)
There is a stone staircase leading down here.
You climb downwards.
There is a stone staircase leading up here.
Found a stone staircase leading up.
Found a quarterstaff.
Found a stone staircase leading down.
A hound comes into view.
You shoot an arrow. The arrow closely misses the hound.
You shoot an arrow. The arrow barely misses the hound.
You shoot an arrow. The arrow barely misses the hound.
The hound bites you but does no damage. x2
You shoot an arrow. The arrow closely misses the hound.
The hound bites you. x2
You shoot an arrow. The arrow hits the hound.
The hound is lightly wounded.
The hound closely misses you. The hound bites you.
You shoot an arrow. The arrow closely misses the hound.
The hound bites you but does no damage. The hound bites you.
You shoot an arrow. The arrow hits the hound!
The hound is heavily wounded.
The hound closely misses you. The hound bites you.
You shoot an arrow. The arrow hits the hound.
The hound is heavily wounded.
The hound barely misses you. The hound bites you but does no damage.
You shoot an arrow. The arrow hits the hound!
You kill the hound!
No target in view!
No target in view!
An ogre comes into view. It is wielding a +0 giant spiked club.
You shoot an arrow. The ogre shouts!
The arrow hits the ogre but does no damage.
You shoot an arrow. The arrow completely misses the ogre.
You shoot an arrow. The arrow barely misses the ogre.
You shoot an arrow. The arrow hits the ogre!
The ogre is moderately wounded.
The ogre hits you with a +0 giant spiked club!
You shoot an arrow. The arrow barely misses the ogre.
The ogre hits you with a +0 giant spiked club!!
Ouch! That really hurt!
You die...

##.. #...# ... #...#
#.# #..<#
.##.###.#########...#
....................#
...###.#######.....#
#<.##.....#..)#
#.###.....#####...#
#....O@#### #..>#
####..†# ##### #...#
#....# ...#...
#....... #.###.#. ..
#. ..


You could see an ogre.

Vanquished Creatures
  A hound (D:4)
  3 adders (D:3)
  2 dart slugs (D:3)
  An orc (D:3)
  5 endoplasms (D:1)
  3 giant cockroaches
  A goblin (D:2)
  3 hobgoblins
  A jackal (D:3)
  7 kobolds
  8 quokkas
  8 ball pythons
  6 bats
  A frilled lizard (D:1)
  4 rats
54 creatures vanquished.

Notes
Turn   | Place    | Note
-------+----------+-------------------------------------------
     0 | D:1      | safid the Minotaur Hunter began the quest for the Orb.
     0 | D:1      | Reached XP level 1. HP: 18/18 MP: 0/0
   151 | D:1      | Reached XP level 2. HP: 25/25 MP: 1/1
   673 | D:1      | Found a faded altar of an unknown god.
   744 | D:1      | Reached skill level 5 in Ranged Weapons
   746 | D:1      | Reached XP level 3. HP: 31/31 MP: 2/2
   902 | D:2      | Found a glowing golden altar of the Shining One.
   928 | D:2      | Identified the +8 flail "Kowoto" {chaos, *Rage rElec rN+++}
  1931 | D:3      | Reached XP level 4. HP: 40/40 MP: 3/3
  2388 | D:4      | Noticed an ogre
  2393 | D:4      | Slain by an ogre

Illustrated notes

Levels and vault maps discovered:
D:1:      sevenhm_arrival_forest_fort_large_4, layout_basic,
          ebering_ecumenical_altar_petrified
D:2:      layout_loops_ring, basic_altar, minmay_misc_feat_rugged
D:3:      layout_loops_ring, dreamdust_mushroom_princess,
          kennysheep_generic_room_5
D:4:      layout_rooms, ashenzari_altar_1, serial_shops, shop

Skill      XL: |  1  2  3 |
---------------+----------+-----
Fighting       | 3 4 |  4.6
Ranged Weapons | 5 |  5.7
Dodging        | |  2.1
Stealth        | |  0.7

Action                   |  1- 3 |  4- 6 || total
-------------------------+-------+-------++-------
 Fire: Shortbow          |   124 |    35 ||   159
Armor: Leather armour    |     1 |       ||     1
       Scale mail        |    34 |    14 ||    48
Dodge: Dodged            |    40 |    20 ||    60
